 Dungeon Crawl Stone Soup version 0.17.1-1-g73c8601 (webtiles) character file.

60 Garfong the Slasher (level 3, -2/27 HPs)
             Began as a Demonspawn Gladiator on Oct 28, 2016.
             Killed from afar by Natasha (11 damage)
             ... with a magic dart
             ... on level 2 of the Dungeon.
             The game lasted 00:08:06 (2188 turns).

Garfong the Slasher (Demonspawn Gladiator)          Turns: 2188, Time: 00:08:06

Health: -2/27      AC:  4    Str: 15    XL:     3   Next: 82%
Magic:  3/3        EV: 12    Int: 10    God:
Gold:   120        SH:  0    Dex: 13    Spells: 0 memorised, 2 levels left

rFire  . . .     SeeInvis .     a - +0 long sword
rCold  . . .     Clarity  .     b - +0 leather armour
rNeg   . . .     SustAt   .     (no shield)
rPois  .         Gourm    .     c - +0 helmet
rElec  .         Spirit   .     (no cloak)
rCorr  .         Warding  .     (no gloves)
rMut   .         Stasis   .     (no boots)
MR     .....                    (no amulet)
Stlth  +.........               (no ring)
                                (no ring)

@: not resistant to hostile enchantments, very unstealthy
A: hooves 1
a: no special abilities


You were on level 2 of the Dungeon.
You were hungry.

You visited 1 branch of the dungeon, and saw 2 of its levels.

You collected 120 gold pieces.

Inventory:

Hand Weapons
 a - a +0 long sword (weapon)
Missiles
 d - 3 throwing nets (quivered)
Armour
 b - a +0 leather armour (worn)
 c - a +0 helmet (worn)
Jewellery
 p - an uncursed ring of flight {unknown}
Scrolls
 f - 3 scrolls of identify {unknown}
 k - 3 scrolls of noise {unknown}
 l - a scroll of magic mapping {unknown}
 m - 2 scrolls of remove curse {unknown}
 o - 2 scrolls of fear {unknown}
 q - a scroll of blinking {unknown}
Potions
 i - a potion of cancellation {unknown}
 j - 2 potions of poison {unknown}
 n - a potion of lignification {unknown}
 r - a potion of haste {unknown}
Comestibles
 e - 2 bread rations
 g - a beef jerky
 h - 2 meat rations


   Skills:
 - Level 2.0 Fighting
 + Level 4.3 Long Blades
 - Level 1.7 Throwing
 - Level 2.6 Dodging


You had 2 spell levels left.
You didn't know any spells.

Dungeon Overview and Level Annotations

Branches:
Dungeon (2/15)

Altars:

Annotations:
D:2 Natasha


Innate Abilities, Weirdness & Mutations

You have large cloven feet.


Message History

The crimson imp blinks!
You slash Natasha! Your kick misses Natasha.
Natasha is heavily wounded.
Natasha misses you. Natasha closely misses you.
You miss Natasha.
Natasha is heavily wounded.
Natasha mumbles some strange words.
The crimson imp blinks!
You barely miss Natasha. Your kick misses Natasha.
Natasha is heavily wounded.
Natasha misses you.
The crimson imp blinks!
You hit Natasha. Your kick misses Natasha.
Natasha is severely wounded.
The iron imp hits you! Natasha claws you but does no damage.
You miss Natasha.
Natasha is severely wounded.
The iron imp hits you!
Natasha stares at you and mumbles some strange words.
The magic dart hits you!
You die...

####.......#.####..##
#####....##...#....###..#
..##.###.####...........#
####.# #.####..).#.#.#..#
#....###.#..............#
######.....##....#.#.#..#
.......#..###..........##
.########..##....#.#.#.#
.#.....#.#.####5@5.....#
.#..........###h####..##
.#....##.......5# ##.##
##....#..######## #..#
##.#...##.....####.##
###...####.###.#....#
#........#.# #.#.####
......####.# #.#.#
..##### #.# #...#


You could see an iron imp, Natasha and 2 crimson imps.

Vanquished Creatures
  Terence (D:2)
  A gnoll (D:1)
  A giant cockroach (D:1)
  4 goblins
  7 hobgoblins
  3 kobolds
  2 bats
  3 giant newts (D:2)
  4 rats
26 creatures vanquished.

Notes
Turn   | Place    | Note
--------------------------------------------------------------
     0 | D:1      | Garfong the Demonspawn Gladiator began the quest for the Orb.
     0 | D:1      | Reached XP level 1. HP: 16/16 MP: 1/1
   391 | D:1      | Reached skill level 3 in Long Blades
  1060 | D:1      | Gained mutation: You have large cloven feet. [demonic ancestry]
  1060 | D:1      | Reached XP level 2. HP: 22/22 MP: 2/2
  1542 | D:2      | Reached XP level 3. HP: 27/27 MP: 3/3
  1609 | D:2      | Noticed Terence
  1925 | D:2      | Killed Terence
  1925 | D:2      | Reached skill level 4 in Long Blades
  2155 | D:2      | Noticed Natasha
  2188 | D:2      | Killed from afar by Natasha

Action                   || total
-------------------------++-------
Melee: Long sword        ||    79
  Use: Potion            ||     1
  Eat: Chunk             ||     3
